 Dungeon Crawl Stone Soup version 0.29-a0-872-g797fff5ad1 (webtiles) character file.

Game seed: 10633291268898187764

17 Hubjo the Insei (level 2, -3/22 HPs)
             Began as a Demonspawn Transmuter on July 18, 2022.
             Was an Initiate of Yredelemnul.
             Slain by a gnoll
             ... wielding a +0 club
              (9 damage)
             ... on level 2 of the Dungeon.
             The game lasted 00:00:55 (1485 turns).

Hubjo the Insei (Demonspawn Transmuter)             Turns: 1485, Time: 00:00:56

Health: -3/22      AC:  2    Str: 10    XL:     2   Next: 44%
Magic:  4/5        EV: 12    Int: 14    God:    Yredelemnul [......]
Gold:   31         SH:  0    Dex: 13    Spells: 4/5 levels left

rFire   . . .      SeeInvis .     - Unarmed
rCold   . . .      Faith    .   (no shield)
rNeg    . . .      Spirit   .   a - +0 robe
rPois   .          Reflect  .   (helmet currently unavailable)
rElec   .          Harm     .   (no cloak)
rCorr   .          Rampage  .   (no gloves)
Will    .....                   (boots currently unavailable)
Stlth   +.........              (no amulet)
HPRegen 0.07/turn               (no ring)
MPRegen 0.09/turn               (no ring)

@: appendages
A: horns 2, talons 2, demonic magic 1
a: End Transformation, Renounce Religion, Recall Undead Harvest


You were on level 2 of the Dungeon.
You worshipped Yredelemnul.
Yredelemnul was noncommittal.
You had temporarily grown beastly horns and talons.
You visited 1 branch of the dungeon, and saw 2 of its levels.

You collected 31 gold pieces.

Inventory:

Missiles
 e - a throwing net
Armour
 a - a +0 robe (worn)
Scrolls
 c - 2 scrolls of enchant weapon {unknown}
 f - a scroll of amnesia {unknown}
Potions
 b - a potion of lignification
 d - 2 potions of attraction {unknown}
 g - a potion of might {unknown}
 h - a potion of degeneration {unknown}


   Skills:
 * Level 1.7 Fighting
 - Level 1.7 Dodging
 + Level 2.8 Unarmed Combat
 + Level 2.1 Spellcasting
 * Level 2.1 Transmutations


You had 4 spell levels left.
You knew the following spells:

 Your Spells              Type           Power      Damage    Failure   Level
a - Beastly Appendage     Tmut           14%        N/A       10%         1

Your spell library contained the following spells:

 Spells                   Type           Power      Damage    Failure   Level
 Wereblood                Tmut           7%         N/A       14%         2
 Spider Form              Tmut/Pois      4%         N/A       41%         3
 Ice Form                 Ice/Tmut       4%         N/A       83%         4


Dungeon Overview and Level Annotations

Branches:
Dungeon (2/15)

Altars:
Xom
Yredelemnul


Innate Abilities, Weirdness & Mutations

You have temporarily grown beastly horns and talons.
Spells you cast may paralyse adjacent enemies.


Message History

Done exploring.
Done exploring.
Done exploring.
You see here a bat skeleton.
There is an open door here.
There is a faded altar of an unknown god here.
You cannot tell which god this altar belongs to.
Convert to them anyway?
Yredelemnul accepts your prayer! Yredelemnul welcomes you!
You can now reap souls.
You can now recall your undead harvest.
Done exploring.
Done exploring.
You swap places.
You swap places.
There is an open door here.
There is a stone staircase leading down here.
You climb downwards.
Your mindless puppet stays behind to rot.
There is a stone staircase leading up here.
Found a shimmering altar of Xom.
Found a stone staircase leading up.
There is a stone staircase leading up here. 2 gnolls come into view.
The gnoll shouts!
You hear a shout!
A gnoll comes into view. It is wielding a +0 spear.
You grow a pair of large bovine horns.
Your feet morph into talons.
Malevolent energies surge around you.
The gnoll shouts!
The gnoll throws a throwing net.
The throwing net closely misses you.
A quokka comes into view.
The gnoll hits you with a +0 flail! The gnoll attacks as you move away!
The gnoll hits you with a +0 club. The gnoll attacks as you move away!
The gnoll misses you. The gnoll hits you with a +0 club.
* * * LOW HITPOINT WARNING * * *
The gnoll hits you but does no damage.
You see here a throwing net.
The gnoll attacks as you move away! The gnoll hits you with a +0 club!
You die...
Your body rises from the dead as a mindless zombie.

........# #.# ........#
#.# ........# #.#
........# #.# ........#
#.# ........# #.#
.......g# #.#
.......g#############.##
.......g@..............#
.......#################
....... ...#### ... ..


You could see 3 gnolls.

Vanquished Creatures
  A dart slug (D:1)
  An endoplasm (D:1)
  A giant cockroach (D:1)
  A hobgoblin (D:1)
  A kobold (D:1)
  2 quokkas (D:1)
  A ball python (D:1)
  3 bats (D:1)
  5 rats (D:1)
16 creatures vanquished.

Notes
Turn   | Place    | Note
-------+----------+-------------------------------------------
     0 | D:1      | Hubjo the Demonspawn Transmuter began the quest for the
                  | Orb.
     0 | D:1      | Reached XP level 1. HP: 15/15 MP: 3/3
   404 | D:1      | Gained mutation: Spells you cast may paralyse adjacent
                  | enemies. [demonic ancestry]
   404 | D:1      | Reached XP level 2. HP: 19/21 MP: 3/5
  1213 | D:1      | Found a faded altar of an unknown god.
  1336 | D:1      | Prayed at the altar of an unknown god.
  1336 | D:1      | Became a worshipper of Yredelemnul the Dark
  1408 | D:2      | Found a shimmering altar of Xom.
  1485 | D:2      | Slain by a gnoll

Illustrated notes

Levels and vault maps discovered:
D:1:      beargit_arrival_greenhouse, layout_basic,
          shapermc_ecumenical_altar_mp_vishouse, nicolae_eternal_life
D:2:      layout_basic, basic_altar, serial_shops, nicolae_shop_trees,
          chequers_serial_rivers_room_b, st_stairs_7

Skill      XL: |  1 |
---------------+----+-----
Transmutations | 2 |  2.1
Fighting       | |  1.7
Dodging        | |  1.7
Unarmed Combat | |  2.8
Spellcasting   | |  2.1

Action                   || total
-------------------------++-------
Melee: Unarmed           ||    40
       Kick              ||     8
       Headbutt          ||     3
 Cast: Beastly Appendage ||    17
 Stab: Sleeping          ||     2
Armor: Robe              ||     9
Dodge: Dodged            ||    21

Table legend: (Time is in decaauts)
 A = Elapsed time spent in this place.
 B = Non-inter-level travel time spent in this place.
 C = Inter-level travel time spent in this place.
 D = Time resting spent in this place.
 E = Time spent auto-exploring this place.
 F = Levels seen in this place.
 G = Mean time per level.
                   A        B        C        D        E       F      G
               +--------+--------+--------+--------+--------+-----+--------+
         Total |   1482 |   1406 |     76 |      0 |   1275 |   2 |  741.0 |
       Dungeon |   1482 |   1406 |     76 |      0 |   1275 |   2 |  741.0 |
               +--------+--------+--------+--------+--------+-----+--------+

Top non-repeatable levels by time:
     D:1: 1375 daAuts
     D:2: 106 daAuts
